 Dungeon Crawl Stone Soup version 0.28-a0-773-g130ae17fe5 (webtiles) character file.

Game seed: 7915875364300025193

74 bande the Skirmisher (level 4, 0/29 HPs)
             Began as a Gargoyle Fighter on Nov 2, 2021.
             Slain by an iguana (6 damage)
             ... on level 3 of the Dungeon.
             The game lasted 00:03:31 (1725 turns).

bande the Skirmisher (Gargoyle Fighter)             Turns: 1725, Time: 00:03:32

Health: 0/29       AC: 11    Str: 20    XL:     4   Next: 28%
Magic:  4/4        EV:  9    Int:  9    God:
Gold:   108        SH:  4    Dex:  9    Spells: 3/3 levels left

rFire   . . .      SeeInvis .   a - +0 war axe
rCold   . . .      Faith    .   c - +0 buckler
rNeg    + . .      Spirit   .   b - +0 scale mail
rPois   ∞          Reflect  .   (no helmet)
rElec   +          Harm     .   j - +0 cloak
rCorr   .          Rampage  .   (no gloves)
Will    .....                   (no boots)
Stlth   ..........              (no amulet)
HPRegen 0.09/turn               (no ring)
MPRegen 0.09/turn               (no ring)

@: no status effects
A: sickness immunity, AC +3, negative energy resistance 1, electricity
resistance, torment resistance 1, petrification resistance
a: no special abilities


You were on level 3 of the Dungeon.
You visited 1 branch of the dungeon, and saw 3 of its levels.

You collected 108 gold pieces.

Inventory:

Hand Weapons
 a - a +0 war axe (weapon)
 h - a +0 war axe
 m - a +0 morningstar
Armour
 b - a +0 scale mail (worn)
 c - a +0 buckler (worn)
 j - a +0 cloak (worn)
Wands
 i - a wand of paralysis (4)
Potions
 d - a potion of might
 e - 2 potions of flight {unknown}
 f - a potion of cancellation {unknown}
 g - 2 potions of heal wounds {unknown}
 l - a potion of brilliance {unknown}
 n - a potion of lignification {unknown}


   Skills:
 + Level 4.0 Fighting
 + Level 2.6 Axes
 + Level 3.9 Armour
 + Level 3.6 Shields
 * Level 0.4 Evocations


You had 3 spell levels left.
You didn't know any spells.
Your spell library contained the following spells:

 Spells                   Type           Power      Damage    Failure   Level
 Blink                    Tloc           0%         N/A       87%         2
 Lesser Beckoning         Tloc           0%         N/A       98%         3
 Manifold Assault         Tloc           0%         N/A       100%        5


Dungeon Overview and Level Annotations

Branches:
Dungeon (3/15)

Altars:


Innate Abilities, Weirdness & Mutations

You are immune to sickness and miasma.
Your stone body is resilient. (AC +3)
You are immune to poison.
You resist negative energy. (rN+)
You are resistant to electric shocks. (rElec)
You are resistant to unholy torment.
You are immune to petrification.


Message History

The ball python constricts you.
The ball python bites you but does no damage.
Unknown command.
You miss the kobold. You slash the ball python!
You kill the ball python!
You barely miss the ball python. The kobold hits you but does no damage.
The ball python closely misses you. x2
The kobold hits you with a +0 short sword.
Unknown command.
You slash the ball python!
You kill the ball python!
Unknown command.
You barely miss the iguana. You block the iguana's attack.
You hit the iguana.
The iguana is lightly wounded.
The iguana bites you.
Unknown command.
You hit the iguana.
The iguana is heavily wounded.
You block the iguana's attack.
You hit the iguana but do no damage.
The iguana is heavily wounded.
The iguana closely misses you. x2
You slash the iguana!
The iguana is almost dead.
The iguana barely misses you.
You barely miss the iguana.
The iguana is almost dead.
The iguana barely misses you.
You hit the iguana but do no damage.
The iguana is almost dead.
The iguana bites you. x2
You barely miss the iguana.
The iguana is almost dead.
The iguana bites you!
* * * LOW HITPOINT WARNING * * *
You closely miss the iguana.
The iguana is almost dead.
The iguana bites you.
You die...

#....#+#..#*,* *,
####...##,*#...,** *,
*********####......#,,,*..#,,***,
,,,,,,,,,.........##*****..,,,,,,
***,******#.......#,,,,,*,,*,,*,,
*,*,,,,.#.......#,,,,,+,,*,,,,,
*,*,,,,.#......########*,*,,,,,
*,*,,,,.#......#Z.....$*,*,,,,,
**,******#..(..@lK.....)*,,,,,,,
*,,* #####..#......$*,,,,,,, *,**
#..########*,,,,,,, *,*
#...*,,,,,+,,,***** *,*
###.*,,,,,*,,,* **,*
*.#******,*** *,,* *..*,,,*,,*
*,** *#.**,**,** ,,* *,,*+*,,*


You could see an iguana, a kobold and a hound skeleton.

Vanquished Creatures
  2 adders (D:2)
  A gnoll (D:1)
  A worm (D:2)
  2 dart slugs
  4 endoplasms
  A giant cockroach (D:1)
  4 goblins
  3 hobgoblins
  3 quokkas
  5 ball pythons
  3 bats
  2 frilled lizards (D:2)
  5 kobolds
  2 rats
38 creatures vanquished.

Notes
Turn   | Place    | Note
-------+----------+-------------------------------------------
     0 | D:1      | bande the Gargoyle Fighter began the quest for the Orb.
     0 | D:1      | Reached XP level 1. HP: 14/14 MP: 1/1
   183 | D:1      | Reached XP level 2. HP: 19/19 MP: 2/2
   459 | D:1      | Reached XP level 3. HP: 23/23 MP: 3/3
  1369 | D:2      | Reached skill level 4 in Fighting
  1369 | D:2      | Reached XP level 4. HP: 29/29 MP: 4/4
  1725 | D:3      | Slain by an iguana

Illustrated notes

Levels and vault maps discovered:
D:1:      ncdulo_smallfort, layout_basic, lemuel_flame_loot_1
D:2:      layout_loops_cross, corexii_shack, kennysheep_generic_room_10
D:3:      layout_rooms, nicolae_vehumet_radiance,
          dilly_ecumenical_altar_fadedgnrine, serial_aquarium,
          aquarium_bridge_long_separate [aquarium_subvault_bridge,
          aquarium_subvault_bridge, aquarium_subvault_window,
          aquarium_subvault_bridge, aquarium_subvault_wall,
          aquarium_subvault_wall], aquarium_bridge_square
          [aquarium_subvault_bridge, aquarium_subvault_bridge,
          aquarium_subvault_wall, aquarium_subvault_wall], aquarium_window_fake,
          aquarium_window_3, aquarium_window_corner, aquarium_window_corner,
          aquarium_view_2b, aquarium_view_2e, aquarium_balcony_3a,
          minmay_divided_ellipse, uniq_robin

Skill      XL: |  1  2  3 |
---------------+----------+-----
Axes           | 2 |  2.6
Fighting       | 4 |  4.0
Armour         | |  3.9
Shields        | |  3.6
Evocations     | |  0.4

Action                   |  1- 3 |  4- 6 || total
-------------------------+-------+-------++-------
Melee: War axe           |    60 |    30 ||    90
  Use: Scroll            |     1 |     1 ||     2
Armor: Scale mail        |    30 |    12 ||    42
Dodge: Dodged            |    28 |    13 ||    41
Block: Buckler           |    15 |     9 ||    24

Table legend: (Time is in decaauts)
 A = Elapsed time spent in this place.
 B = Non-inter-level travel time spent in this place.
 C = Inter-level travel time spent in this place.
 D = Time resting spent in this place.
 E = Time spent auto-exploring this place.
 F = Levels seen in this place.
 G = Mean time per level.
                   A        B        C        D        E       F      G
               +--------+--------+--------+--------+--------+-----+--------+
         Total |   1759 |   1759 |      0 |      0 |   1317 |   3 |  586.3 |
       Dungeon |   1759 |   1759 |      0 |      0 |   1317 |   3 |  586.3 |
               +--------+--------+--------+--------+--------+-----+--------+

Top non-repeatable levels by time:
     D:1: 965 daAuts
     D:2: 734 daAuts
     D:3: 60 daAuts
